TOP OF THE 1ST |
Intercourse Amish batting - Pitching for Rio Grande Rattlesnake : RHP Chris Carpenter
|
Pitching: RHP Chris Carpenter
|
|
Batting: RHB Leon Heath
|
0-0: Ball 1-0: Called Strike 1-1: Ground out 4-3 (Groundball, 4)
|
Batting: RHB Frank Maxwell
|
0-0: Ball 1-0: Called Strike 1-1: Ball 2-1: Foul Ball, location: 2F 2-2: Strikes out swinging
|
Batting: RHB John Little
|
0-0: Called Strike 0-1: Ball 1-1: Ball 2-1: Swinging Strike 2-2: Ground out 5-3 (Groundball, 56)
|
Top of the 1st over - 0 run(s), 0 hit(s), 0 error(s), 0 left on base; Intercourse 0 - Rio Grande 0 |
BOTTOM OF THE 1ST |
Rio Grande Rattlesnake batting - Pitching for Intercourse Amish : RHP Jeff Davis
|
Pitching: RHP Jeff Davis
|
|
Batting: RHB Jaime Delgado
|
0-0: Called Strike 0-1: Called Strike 0-2: SINGLE (Flyball, 8RS)
|
Batting: RHB Iván De Jesús
|
0-0: Ball Wild Pitch! Jaime Delgado to second 1-0: SINGLE (Groundball, 6S) (infield hit) Jaime Delgado to third
|
Batting: RHB Hollis Wood
|
0-0: Ball 1-0: Fly out, F9 (Line Drive, 89D) Runner from 3rd tags up, SCORES, no throw
|
Batting: RHB Joe Courtier
|
0-0: Ball Iván De Jesús steals 2nd base 1-0: Ball Wild Pitch! Iván De Jesús to third 2-0: Ground out 5-3 (Groundball, 5)
|
Batting: RHB Jeff Bane
|
0-0: Ball 1-0: Foul Ball, location: 2F 1-1: Ball 2-1: Called Strike 2-2: Ball 3-2: Ground out 6-3 (Groundball, 6)
|
Bottom of the 1st over - 1 run(s), 2 hit(s), 0 error(s), 1 left on base; Intercourse 0 - Rio Grande 1 |
TOP OF THE 2ND |
Intercourse Amish batting - Pitching for Rio Grande Rattlesnake : RHP Chris Carpenter
|
Batting: RHB Juan Estrada
|
0-0: Called Strike 0-1: Ball 1-1: Foul Ball, location: 2F 1-2: Fly out, F7 (Flyball, 78S)
|
Batting: LHB Tony O'Bryan
|
0-0: Swinging Strike 0-1: Ground out 4-3 (Groundball, 4)
|
Batting: SHB Conan Hanson
|
0-0: Called Strike 0-1: Ball 1-1: Ball 2-1: Ball 3-1: Foul Ball, location: 2F 3-2: Fly out, F4 (Line Drive, 4)
|
Top of the 2nd over - 0 run(s), 0 hit(s), 0 error(s), 0 left on base; Intercourse 0 - Rio Grande 1 |
BOTTOM OF THE 2ND |
Rio Grande Rattlesnake batting - Pitching for Intercourse Amish : RHP Jeff Davis
|
Batting: SHB William Daly
|
0-0: Ball 1-0: SINGLE (Groundball, 25) (infield hit)
|
Batting: SHB Brian Moyer
|
0-0: Ball 1-0: Called Strike 1-1: Swinging Strike 1-2: Strikes out swinging
|
Batting: RHB David Suarze
|
0-0: Called Strike 0-1: Ball 1-1: Ball 2-1: Ball 3-1: Base on Balls William Daly to second
|
Batting: SHB Jeremy Holmes
|
0-0: Called Strike William Daly steals 3rd base David Suarze to second 0-1: Ball 1-1: SINGLE (Groundball, 34D) William Daly scores David Suarze to third Runner from 3rd tries for Home, SAFE, no throw
|
Batting: RHB Jaime Delgado
|
0-0: Called Strike 0-1: Ball 1-1: Foul Ball, location: 2F 1-2: Fielders Choice at 2nd, 6-4 (Groundball, 6)
|
Batting: RHB Iván De Jesús
|
0-0: Ball Jaime Delgado steals 2nd base 1-0: Ball 2-0: Called Strike 2-1: Ball 3-1: Swinging Strike 3-2: Fly out, F3 (Popup, 3D)
|
Bottom of the 2nd over - 2 run(s), 2 hit(s), 0 error(s), 1 left on base; Intercourse 0 - Rio Grande 3 |
TOP OF THE 3RD |
Intercourse Amish batting - Pitching for Rio Grande Rattlesnake : RHP Chris Carpenter
|
Batting: RHB Gabriel Stout
|
0-0: Ball 1-0: Called Strike 1-1: SINGLE (Groundball, 34D)
|
Batting: SHB Ralph Robison
|
0-0: Called Strike 0-1: Ball 1-1: Ball 2-1: Ball 3-1: Called Strike 3-2: Foul Ball, location: 2F 3-2: Strikes out swinging
|
Batting: LHB Bruce Foster
|
0-0: Foul Ball, location: 2F 0-1: Ball 1-1: Ball 2-1: Foul Ball, location: 2F 2-2: Ball 3-2: Foul Ball, location: 2F 3-2: Fly out, F8 (Flyball, 8LD)
|
Batting: RHB Leon Heath
|
0-0: Called Strike 0-1: Ball 1-1: Ball 2-1: Fly out, F9 (Flyball, 9S)
|
Top of the 3rd over - 0 run(s), 1 hit(s), 0 error(s), 1 left on base; Intercourse 0 - Rio Grande 3 |
BOTTOM OF THE 3RD |
Rio Grande Rattlesnake batting - Pitching for Intercourse Amish : RHP Jeff Davis
|
Batting: RHB Hollis Wood
|
0-0: Fly out, F9 (Flyball, 89M)
|
Batting: RHB Joe Courtier
|
0-0: Ball 1-0: Foul Ball, location: 2F 1-1: Foul Ball, location: 2F 1-2: Foul Ball, location: 2F 1-2: SINGLE (Flyball, 7S)
|
Batting: RHB Jeff Bane
|
0-0: Swinging Strike 0-1: Ball 1-1: Foul Ball, location: 2F 1-2: TRIPLE (Flyball, 89M) Joe Courtier scores
|
Batting: SHB William Daly
|
0-0: Foul Ball, location: 2F 0-1: Ball 1-1: Foul Ball, location: 2F 1-2: Ball 2-2: Fly out, F7 (Flyball, 7S)
|
Batting: SHB Brian Moyer
|
0-0: Called Strike 0-1: Called Strike 0-2: Ball 1-2: Foul Ball, location: 2F 1-2: Ground out 1-3 (Groundball, 13)
|
Bottom of the 3rd over - 1 run(s), 2 hit(s), 0 error(s), 1 left on base; Intercourse 0 - Rio Grande 4 |
TOP OF THE 4TH |
Intercourse Amish batting - Pitching for Rio Grande Rattlesnake : RHP Chris Carpenter
|
Batting: RHB Frank Maxwell
|
0-0: Called Strike 0-1: Ground out 5-3 (Groundball, 25)
|
Batting: RHB John Little
|
0-0: SINGLE (Flyball, 8RS)
|
Batting: RHB Juan Estrada
|
0-0: Ball 1-0: Foul Ball, location: 2F 1-1: Ball 2-1: Called Strike 2-2: Ball 3-2: Ground out 6-3 (Groundball, 6S) John Little to second
|
Batting: LHB Tony O'Bryan
|
0-0: Called Strike 0-1: Ball 1-1: Ball 2-1: DOUBLE (Flyball, 89M) John Little scores
|
Batting: SHB Conan Hanson
|
0-0: Ground out 4-3 (Groundball, 34D)
|
Top of the 4th over - 1 run(s), 2 hit(s), 0 error(s), 1 left on base; Intercourse 1 - Rio Grande 4 |
BOTTOM OF THE 4TH |
Rio Grande Rattlesnake batting - Pitching for Intercourse Amish : RHP Jeff Davis
|
Batting: RHB David Suarze
|
0-0: Ball 1-0: Ground out 6-3 (Groundball, 6)
|
Batting: SHB Jeremy Holmes
|
0-0: Called Strike 0-1: Called Strike 0-2: Ball 1-2: Ball 2-2: Strikes out swinging
|
Batting: RHB Jaime Delgado
|
0-0: Ball 1-0: Swinging Strike 1-1: Ball 2-1: Ball 3-1: Swinging Strike 3-2: Ground out 5-3 (Groundball, 56)
|
Bottom of the 4th over - 0 run(s), 0 hit(s), 0 error(s), 0 left on base; Intercourse 1 - Rio Grande 4 |
TOP OF THE 5TH |
Intercourse Amish batting - Pitching for Rio Grande Rattlesnake : RHP Chris Carpenter
|
Batting: RHB Gabriel Stout
|
0-0: Fly out, F8 (Flyball, 8RM)
|
Batting: SHB Ralph Robison
|
0-0: Ball 1-0: Ball 2-0: Ball 3-0: Base on Balls
|
Batting: LHB Bruce Foster
|
0-0: Ball 1-0: Ball 2-0: Swinging Strike 2-1: Ball 3-1: Base on Balls Ralph Robison to second
|
Batting: RHB Leon Heath
|
0-0: Foul Ball, location: 2F 0-1: Swinging Strike 0-2: Strikes out swinging
|
Batting: RHB Frank Maxwell
|
0-0: Ball 1-0: Called Strike 1-1: Ball 2-1: Ball 3-1: Called Strike 3-2: 3-RUN HOME RUN (Flyball, 89XD), Distance : 389 ft
|
Batting: RHB John Little
|
0-0: Ball 1-0: Ball 2-0: Fly out, F8 (Flyball, 8RM)
|
Top of the 5th over - 3 run(s), 1 hit(s), 0 error(s), 0 left on base; Intercourse 4 - Rio Grande 4 |
BOTTOM OF THE 5TH |
Rio Grande Rattlesnake batting - Pitching for Intercourse Amish : RHP Jeff Davis
|
Batting: RHB Iván De Jesús
|
0-0: Called Strike 0-1: Ball 1-1: Foul Ball, location: 2F 1-2: Ground out 4-3 (Groundball, 4)
|
Batting: RHB Hollis Wood
|
0-0: Ball 1-0: Foul Ball, location: 2F 1-1: Ball 2-1: Called Strike 2-2: Fly out, F9 (Flyball, 89S)
|
Batting: RHB Joe Courtier
|
0-0: Ball 1-0: Ball 2-0: Called Strike 2-1: Ball 3-1: Ground out 4-3 (Groundball, 4D)
|
Bottom of the 5th over - 0 run(s), 0 hit(s), 0 error(s), 0 left on base; Intercourse 4 - Rio Grande 4 |
TOP OF THE 6TH |
Intercourse Amish batting - Pitching for Rio Grande Rattlesnake : RHP Chris Carpenter
|
Batting: RHB Juan Estrada
|
0-0: Ball 1-0: Ball 2-0: Foul Ball, location: 2F 2-1: Foul Ball, location: 2F 2-2: Foul Ball, location: 2F 2-2: Foul Ball, location: 2F 2-2: Ball 3-2: Foul Ball, location: 2F 3-2: Foul Ball, location: 2F 3-2: Fly out, F7 (Flyball, 7LSF)
|
Batting: LHB Tony O'Bryan
|
0-0: Called Strike 0-1: Ground out 4-3 (Groundball, 4M)
|
Batting: SHB Conan Hanson
|
0-0: Ball 1-0: Called Strike 1-1: Foul Ball, location: 2F 1-2: Ball 2-2: Fly out, F2 (Popup, 3S)
|
Top of the 6th over - 0 run(s), 0 hit(s), 0 error(s), 0 left on base; Intercourse 4 - Rio Grande 4 |
BOTTOM OF THE 6TH |
Rio Grande Rattlesnake batting - Pitching for Intercourse Amish : RHP Jeff Davis
|
Batting: RHB Jeff Bane
|
0-0: Foul Ball, location: 2F 0-1: Swinging Strike 0-2: SINGLE (Groundball, 4MD)
|
Batting: SHB William Daly
|
0-0: Ball 1-0: Ground out 4-3 (Groundball, 4M) Jeff Bane to second
|
Batting: SHB Brian Moyer
|
0-0: Ball 1-0: Ball 2-0: Called Strike 2-1: Swinging Strike 2-2: Strikes out swinging
|
Pitching: LHP Manuel Encarnación
|
|
Batting: RHB David Suarze
|
0-0: Swinging Strike 0-1: Ball 1-1: Ball 2-1: Foul Ball, location: 2F 2-2: Ball 3-2: Strikes out swinging
|
Bottom of the 6th over - 0 run(s), 1 hit(s), 0 error(s), 1 left on base; Intercourse 4 - Rio Grande 4 |
TOP OF THE 7TH |
Intercourse Amish batting - Pitching for Rio Grande Rattlesnake : RHP Chris Carpenter
|
Pitching: RHP Neil Snow
|
|
Batting: RHB Gabriel Stout
|
0-0: SOLO HOME RUN (Flyball, 9D), Distance : 377 ft
|
Batting: SHB Ralph Robison
|
0-0: Called Strike 0-1: Ball 1-1: Called Strike 1-2: Ball 2-2: Ground out 6-3 (Groundball, 6)
|
Pitching: RHP Albert Sánchez
|
|
Batting: LHB Bruce Foster
|
0-0: Ball 1-0: Ball 2-0: Ball 3-0: Base on Balls
|
Pinch Hitting: LHB Dave Reynolds
|
0-0: Swinging Strike 0-1: Ball 1-1: Ball 2-1: Foul Ball, location: 2F 2-2: Foul Ball, location: 2F 2-2: 2-RUN HOME RUN (Flyball, 89XD), Distance : 378 ft
|
Batting: RHB Frank Maxwell
|
0-0: Called Strike 0-1: Ball 1-1: Foul Ball, location: 2F 1-2: Strikes out looking
|
Batting: RHB John Little
|
0-0: Called Strike 0-1: Ball 1-1: Foul Ball, location: 2F 1-2: Strikes out looking
|
Top of the 7th over - 3 run(s), 2 hit(s), 0 error(s), 0 left on base; Intercourse 7 - Rio Grande 4 |
BOTTOM OF THE 7TH |
Rio Grande Rattlesnake batting - Pitching for Intercourse Amish : LHP Manuel Encarnación
|
Now in CF: Dave Reynolds
|
|
Batting: SHB Jeremy Holmes
|
0-0: Called Strike 0-1: Ball 1-1: Ground out 5-3 (Groundball, 56)
|
Batting: RHB Jaime Delgado
|
0-0: Ball 1-0: Ball 2-0: Called Strike 2-1: Ball 3-1: Foul Ball, location: 2F 3-2: SINGLE (Groundball, 6S) (infield hit)
|
Batting: RHB Iván De Jesús
|
0-0: Called Strike 0-1: Ball 1-1: Grounds into double play, 5-4-3 (Groundball, 5L)
|
Bottom of the 7th over - 0 run(s), 1 hit(s), 0 error(s), 0 left on base; Intercourse 7 - Rio Grande 4 |
TOP OF THE 8TH |
Intercourse Amish batting - Pitching for Rio Grande Rattlesnake : RHP Albert Sánchez
|
Batting: RHB Juan Estrada
|
0-0: Called Strike 0-1: Ball 1-1: Ball 2-1: Foul Ball, location: 2F 2-2: Ball 3-2: Foul Ball, location: 2F 3-2: Fly out, F8 (Flyball, 8RD)
|
Batting: LHB Tony O'Bryan
|
0-0: Ball 1-0: Foul Ball, location: 2F 1-1: Called Strike 1-2: Foul Ball, location: 2F 1-2: Strikes out swinging
|
Batting: SHB Conan Hanson
|
0-0: Ball 1-0: Called Strike 1-1: Called Strike 1-2: Foul Ball, location: 2F 1-2: Foul Ball, location: 2F 1-2: Ball 2-2: Strikes out swinging
|
Top of the 8th over - 0 run(s), 0 hit(s), 0 error(s), 0 left on base; Intercourse 7 - Rio Grande 4 |
BOTTOM OF THE 8TH |
Rio Grande Rattlesnake batting - Pitching for Intercourse Amish : LHP Manuel Encarnación
|
Batting: RHB Hollis Wood
|
0-0: Ball 1-0: Swinging Strike 1-1: Ground out 6-3 (Groundball, 6)
|
Batting: RHB Joe Courtier
|
0-0: Ball 1-0: Ground out 5-3 (Groundball, 56)
|
Batting: RHB Jeff Bane
|
0-0: Called Strike 0-1: Ball 1-1: Foul Ball, location: 2F 1-2: Strikes out swinging
|
Bottom of the 8th over - 0 run(s), 0 hit(s), 0 error(s), 0 left on base; Intercourse 7 - Rio Grande 4 |
TOP OF THE 9TH |
Intercourse Amish batting - Pitching for Rio Grande Rattlesnake : RHP Albert Sánchez
|
Batting: RHB Gabriel Stout
|
0-0: Ball 1-0: Ball 2-0: Called Strike 2-1: Called Strike 2-2: Strikes out swinging
|
Batting: SHB Ralph Robison
|
0-0: Foul Ball, location: 2F 0-1: Ball 1-1: SINGLE (Flyball, 8RS)
|
Batting: LHB Bruce Foster
|
0-0: Called Strike 0-1: Reached on error, E3 (Groundball, 34D) Ralph Robison to second
|
Batting: LHB Dave Reynolds
|
0-0: Ball 1-0: Ball 2-0: Foul Ball, location: 2F 2-1: Foul Ball, location: 2F 2-2: Foul Ball, location: 2F 2-2: Strikes out looking
|
Batting: RHB Frank Maxwell
|
0-0: Fly out, F7 (Flyball, 7S)
|
Top of the 9th over - 0 run(s), 1 hit(s), 1 error(s), 2 left on base; Intercourse 7 - Rio Grande 4 |
BOTTOM OF THE 9TH |
Rio Grande Rattlesnake batting - Pitching for Intercourse Amish : LHP Manuel Encarnación
|
Pitching: RHP Sixto Santiago
|
|
Batting: SHB William Daly
|
0-0: Called Strike 0-1: Ball 1-1: Foul Ball, location: 2F 1-2: Fly out, F5 (Popup, 5L)
|
Batting: SHB Brian Moyer
|
0-0: Ball 1-0: Ball 2-0: Called Strike 2-1: Foul Ball, location: 2F 2-2: Strikes out swinging
|
Batting: RHB David Suarze
|
0-0: Ball 1-0: Called Strike 1-1: Foul Ball, location: 2F 1-2: Ball 2-2: Ball 3-2: Foul Ball, location: 2F 3-2: Base on Balls
|
Batting: SHB Jeremy Holmes
|
0-0: Called Strike 0-1: Ball Wild Pitch! David Suarze to second 1-1: Foul Ball, location: 2F 1-2: Ball 2-2: Ball 3-2: Strikes out looking
|
Bottom of the 9th over - 0 run(s), 0 hit(s), 0 error(s), 1 left on base; Intercourse 7 - Rio Grande 4 |
|